 Dungeon Crawl Stone Soup version 0.26-a0-752-gcff87cac9a (webtiles) character file.

Game seed: 14929178795693698373

25 Antenora the Skirmisher (level 2, 0/24 HPs)
             Began as a Demonspawn Abyssal Knight on Nov 6, 2020.
             Was a Follower of Lugonu.
             Slain by a goblin (3 damage)
             ... on level 1 of the Dungeon.
             The game lasted 00:03:09 (1031 turns).

Antenora the Skirmisher (Demonspawn Abyssal Knight) Turns: 1031, Time: 00:03:10

Health: 0/24       AC:  3    Str: 12    XL:     2   Next: 86%
Magic:  0/4        EV: 11    Int: 13    God:    Lugonu [*.....]
Gold:   22         SH:  0    Dex: 12    Spells: 1/1 levels left

rFire    . . .     SeeInvis .   a - +1 falchion
rCold    . . .     Faith    .   (no shield)
rNeg     . . .     Spirit   +   b - +0 leather armour
rPois    .         Reflect  .   (no helmet)
rElec    .         Harm     .   (no cloak)
rCorr    .         Rampage  .   (no gloves)
MR       .....                  (no boots)
Stlth    +.........             (no amulet)
HPRegen  0.08/turn              (no ring)
MPRegen  0.09/turn              (no ring)

@: no status effects
A: magic shield
a: Depart the Abyss, Renounce Religion


You were on level 1 of the Dungeon.
You worshipped Lugonu.
Lugonu was aware of your devotion.
You visited 1 branch of the dungeon, and saw 1 of its levels.
You visited the Abyss 1 time.

You collected 22 gold pieces.

Inventory:

Hand Weapons
 a - a +1 falchion (weapon)
Armour
 b - a +0 leather armour (worn)
Jewellery
 d - a +6 ring of dexterity {unknown}
 f - a +6 ring of intelligence {unknown}
 i - an uncursed amulet of guardian spirit {unknown}
Scrolls
 c - a scroll of remove curse {unknown}
 e - 2 scrolls of blinking {unknown}
 g - a scroll of identify {unknown}


   Skills:
 + Level 3.5 Fighting
 + Level 1.9 Long Blades
 + Level 2.1 Armour
 + Level 0.9 Dodging
 * Level 2.9 Invocations


You had one spell level left.
You didn't know any spells.
Your spell library was empty.

Dungeon Overview and Level Annotations

Branches:
Dungeon (1/15)

Altars:


Innate Abilities, Weirdness & Mutations

When hurt, damage is shared between your health and your magic reserves.


Message History

* * * LOW HITPOINT WARNING * * *
The hobgoblin closely misses you. The goblin hits you.
* * * LOW HITPOINT WARNING * * *
The hobgoblin hits you with a +0 club.
It was a potion of curing.
You feel better. The hobgoblin closely misses you.
You riposte.
You closely miss the hobgoblin.
The hobgoblin is severely wounded.
The goblin barely misses you.
You riposte.
You barely miss the goblin. The hobgoblin hits you with a +0 club.
* * * LOW HITPOINT WARNING * * *
The goblin hits you.
* * * LOW HITPOINT WARNING * * *
The goblin closely misses you. The hobgoblin misses you.
You riposte.
You closely miss the hobgoblin.
The hobgoblin is heavily wounded.
You see here a scroll labeled YCAGIGYFAC.
The hobgoblin hits you with a +0 club.
* * * LOW HITPOINT WARNING * * *
The goblin hits you.
You die...

#....##....############..........
#....##.....#### #..............
#....##........####.##...........
#....##..........##.##.##......#.
#....##...#.#.....#.##.......#.#.
#....##...#.>.........###.#....#.
.........[........#.#..##.#..####
#.....[..##..###.##.##.##.#....
###......##..##.@.........#.### #
#......##..##gg#......(.#.###.#
#......##......+........+......
#......##.###..#........#...#.#
#......##.................#.#.#
#...†..######..########..##.#.#
#......# #..# #..##.#.#
#......######?>###### #..##....
#......#............# #..##.(.#


You could see a hobgoblin and a goblin.

Vanquished Creatures
  2 oozes (D:1)
  A bat (D:1)
  6 goblins (D:1)
  2 hobgoblins (D:1)
  3 frilled lizards (D:1)
  2 kobolds (D:1)
  A rat (D:1)
17 creatures vanquished.

Notes
Turn   | Place    | Note
-------+----------+-------------------------------------------
     0 | Abyss:1  | Antenora the Demonspawn Abyssal Knight began the quest for
                  | the Orb.
     0 | Abyss:1  | Reached XP level 1. HP: 18/18 MP: 2/2
    13 | Abyss:1  | Noticed a tentacled starspawn
    20 | Abyss:1  | Found a transporter.
    20 | Abyss:1  | Noticed a tentacled starspawn
    21 | D:1      | Escaped the Abyss
   181 | D:1      | Reached * piety under Lugonu
   181 | D:1      | Gained mutation: When hurt, damage is shared between your
                  | health and your magic reserves. [demonic ancestry]
   181 | D:1      | Reached XP level 2. HP: 19/24 MP: 3/3
  1031 | D:1      | Slain by a goblin

Illustrated notes

Levels and vault maps discovered:
D:1:      tarquinn_simple_flora_water_c, layout_basic

Skill      XL: |  1 |
---------------+----+-----
Armour         | 2 |  2.1
Fighting       | |  3.5
Long Blades    | |  1.9
Dodging        | |  0.9
Invocations    | |  2.9

Action                   || total
-------------------------++-------
Melee: Falchion          ||    45
Invok: Depart the Abyss  ||     1
  Use: Potion            ||     1
Armor: Leather armour    ||    32
Dodge: Dodged            ||    57
       Rpst.: Falchion   ||    21

Table legend: (Time is in decaauts)
 A = Elapsed time spent in this place.
 B = Non-inter-level travel time spent in this place.
 C = Inter-level travel time spent in this place.
 D = Time resting spent in this place.
 E = Time spent auto-exploring this place.
 F = Levels seen in this place.
 G = Mean time per level.
                   A        B        C        D        E       F      G
               +--------+--------+--------+--------+--------+-----+--------+
         Total |   1040 |   1040 |      0 |    390 |      0 |   2 |  520.0 |
       Dungeon |   1019 |   1019 |      0 |    390 |      0 |   1 | 1019.0 |
         Abyss |     21 |     21 |      0 |      0 |      0 |   1 |   21.0 |
               +--------+--------+--------+--------+--------+-----+--------+

Top non-repeatable levels by time:
     D:1: 1019 daAuts
 Abyss:1: 21 daAuts
